 Dungeon Crawl Stone Soup version 0.19-a0-1672-g679cadd (webtiles) character file.

527 wazuzu the Grappler (level 7, 0/66 HPs)
             Began as a Troll Monk on Sept 22, 2016.
             Killed by nerve-wracking pain
             ... invoked by an orc priest
              (11 damage)
             ... on level 4 of the Dungeon.
             The game lasted 00:10:17 (2194 turns).

wazuzu the Grappler (Troll Monk)                    Turns: 2194, Time: 00:10:19

Health: 0/66       AC:  5    Str: 20    XL:     7   Next: 3%
Magic:  6/6        EV: 10    Int:  6    God:
Gold:   133        SH:  0    Dex: 14    Spells: 1 memorised, 5 levels left

rFire  . . .     SeeInvis .       - Unarmed
rCold  . . .     Gourm    +     a - +0 robe
rNeg   . . .     Faith    .     (no shield)
rPois  .         Spirit   .     (helmet restricted)
rElec  .         Dismiss  .     (no cloak)
rCorr  .         Reflect  .     (gloves unavailable)
MR     .....     Harm     .     (boots unavailable)
Stlth  +++.......               k - amulet of rage
                                (no ring)
                                d - ring of stealth

@: no status effects
A: unfitting armour, claws 3, fast metabolism 3, gourmand, regeneration 1,
shaggy fur 1, tough skin 2
a: Evoke Berserk Rage


You were on level 4 of the Dungeon.
You were very full.

You visited 1 branch of the dungeon, and saw 4 of its levels.

You collected 133 gold pieces.

Inventory:

Missiles
 o - 4 large rocks (quivered)
Armour
 a - a +0 robe (worn)
Jewellery
 d - a ring of stealth (left claw)
 k - an amulet of rage (around neck)
Scrolls
 h - a scroll of fear
 i - a scroll of teleportation
 l - a scroll of remove curse
 m - 2 scrolls of identify
 s - a scroll of blinking
Potions
 c - a potion of flight {unknown}
 e - 2 potions of haste
 g - 2 potions of lignification {unknown}
 j - 2 potions of heal wounds {unknown}
 n - a potion of brilliance {unknown}
 p - a potion of cancellation
 q - a potion of mutation {unknown}
 r - a potion of magic {unknown}
Comestibles
 b - 5 bread rations
 f - a meat ration
 t - 2 chunks of flesh


   Skills:
 - Level 2.4 Fighting
 - Level 2.4 Dodging
 - Level 1.1 Stealth
 + Level 8.0 Unarmed Combat


You had 5 spell levels left.
You knew the following spells:

 Your Spells              Type           Power        Failure   Level  Hunger
a - Apportation           Tloc           #.........   52%         1    ##.....


Dungeon Overview and Level Annotations

Branches:
Dungeon (4/15)
 Temple: D:4-7

Altars:
Cheibriados
Kikubaaqudgha
Sif Muna
Vehumet


Innate Abilities, Weirdness & Mutations

You are too large for most types of armour.
You have claws for hands.
Your metabolism is lightning-fast.
You like to eat raw meat.
Your natural rate of healing is unusually fast.
You are covered in fur. (AC +1)
You have very tough skin. (AC +2)


Message History

You destroy the leopard gecko zombie!
The jackal bites you but does no damage.
You scratch the orc priest.
The orc priest is moderately wounded.
The jackal bites you but does no damage.
The orc priest calls down the wrath of Beogh upon you.
Pain shoots through your body!
* * * LOW HITPOINT WARNING * * *
The jackal bites you.
* * * LOW HITPOINT WARNING * * *
You closely miss the orc priest.
The orc priest is moderately wounded.
The jackal completely misses you. The orc priest closely misses you.
The jackal bites you but does no damage.
You claw the orc priest!
The orc priest is almost dead.
The jackal barely misses you. x2
The orc priest mumbles some strange prayers to Beogh against you.
Pain shoots through your body!
You die...

#.....P#
#.≈≈≈......# #.
#P..P###)≈≈≈≈###.##
## ###......≈≈.≈≈#
###o...####≈≈≈≈≈#
#.###......#
##≈≈≈##
.......8...# ##_##
..##8.....# ###
#.P.)..####.#
####..oZo@..# . .
#.###hh### ##
....##.##.....#
###. #.......###.#
....#
####..........
..... #..#####..##
#..### #.#. .#
#..<## ....# #
#.#..## .#.### #
##..#


You could see an orc priest, an orc, a jackal zombie and 2 jackals.

Vanquished Creatures
  Eustachio (D:4)
  An ogre (D:4)
  A hound (D:4)
  A bullfrog zombie (D:4)
  A bullfrog skeleton (D:4)
  Natasha (D:4)
  A worker ant (D:4)
  A hound zombie (D:4)
  A hound skeleton (D:4)
  A worker ant zombie (D:4)
  3 adders
  An ooze (D:1)
  3 adder zombies (D:4)
  2 adder skeletons (D:4)
  2 worms (D:2)
  3 dart slugs
  A leopard gecko (D:2)
  12 bats
  4 giant cockroaches
  7 goblins
  5 hobgoblins
  9 jackals
  10 kobolds
  A quokka (D:2)
  3 frilled lizards
  A jackal zombie (D:4)
  A leopard gecko zombie (D:4)
  9 rats
87 creatures vanquished.

Notes
Turn   | Place    | Note
-------+----------+-------------------------------------------
     0 | D:1      | wazuzu the Troll Monk began the quest for the Orb.
     0 | D:1      | Reached XP level 1. HP: 22/22 MP: 0/0
   101 | D:1      | Reached XP level 2. HP: 29/29 MP: 1/1
   170 | D:1      | Reached skill level 4 in Unarmed Combat
   497 | D:2      | Reached XP level 3. HP: 36/36 MP: 2/2
   841 | D:2      | Reached XP level 4. HP: 44/44 MP: 3/3
   854 | D:2      | Reached skill level 5 in Unarmed Combat
  1366 | D:3      | Found an ancient bone altar of Kikubaaqudgha.
  1368 | D:3      | Found a deep blue altar of Sif Muna.
  1370 | D:3      | Found a radiant altar of Vehumet.
  1374 | D:3      | Identified Sif Muna's Incunabulum of Displacement
  1378 | D:3      | Learned a level 1 spell: Apportation
  2055 | D:4      | Reached XP level 5. HP: 43/50 MP: 4/4
  2060 | D:4      | Reached skill level 6 in Unarmed Combat
  2119 | D:4      | Noticed Eustachio
  2131 | D:4      | Found a snail-covered altar of Cheibriados.
  2143 | D:4      | Killed Eustachio
  2143 | D:4      | Reached skill level 7 in Unarmed Combat
  2143 | D:4      | Reached XP level 6. HP: 49/59 MP: 5/5
  2161 | D:4      | Noticed Natasha
  2172 | D:4      | Killed Natasha
  2176 | D:4      | Reached skill level 8 in Unarmed Combat
  2176 | D:4      | Reached XP level 7. HP: 36/66 MP: 6/6
  2194 | D:4      | Killed from afar by an orc priest

Vault maps used:
D:1:      mushboom_english_gardens
D:3:      grunt_temple_overflow_magic_moments
D:4:      kennysheep_slug_shrine, serial_undead, serial_undead_a,
          serial_undead_a, serial_undead_f, serial_undead_c, serial_undead_a,
          serial_undead_c, serial_undead_b, serial_undead_c,
          chequers_ossuary_entry_cave, uniq_eustachio, uniq_natasha

Skill      XL: |  1  2  3  4  5  6 |
---------------+-------------------+-----
Unarmed Combat | 4 5 7 8 |  8.0
Fighting       | |  2.4
Dodging        | |  2.4
Stealth        | |  1.1

Action                   |  1- 3 |  4- 6 |  7- 9 || total
-------------------------+-------+-------+-------++-------
Melee: Unarmed           |    99 |   123 |     9 ||   231
       Punch             |       |     1 |     1 ||     2
  Use: Scroll            |       |     9 |       ||     9
 Stab: Sleeping          |     1 |     4 |       ||     5
  Eat: Chunk             |    13 |    12 |       ||    25
Armor: Robe              |    49 |    60 |    10 ||   119
Dodge: Dodged            |    67 |    81 |    14 ||   162
